 Dungeon Crawl Stone Soup version 0.30-a0-462-gd5975efbca (webtiles) character file.

Game seed: 17481374958428178882

149 NinjaNoafa the Magician (level 5, -22/35 HPs)
             Began as a Djinni Conjurer on Dec 16, 2022.
             Annihilated by an ogre
             ... wielding a +0 giant club
              (29 damage)
             ... on level 4 of the Dungeon.
             The game lasted 00:02:57 (2221 turns).

NinjaNoafa the Magician (Djinni Conjurer)           Turns: 2221, Time: 00:02:57

Health: -22/35     AC:  5    Str:  6    XL:     5   Next: 57%
Gold:   170        EV: 13    Int: 34    God:
                   SH:  0    Dex: 11

rFire   + + .      SeeInvis .    i - +2 dagger (vamp)
rCold   x . .      Faith    .    (no shield)
rNeg    . . .      Spirit   .    a - +0 robe
rPois   ∞          Reflect  .    e - +0 helmet
rElec   .          Harm     .    (no cloak)
rCorr   .          Rampage  .    q - +1 pair of gloves
Will    .....                    (boots unavailable)
Stlth   ++........               (no amulet)
HPRegen 0.25/turn                d - +6 ring of intelligence
MPRegen 0.00/turn                g - +6 ring of intelligence

@: flying
A: sickness immunity, fire resistance 2, cold vulnerability 1, float, innate
caster, HP casting, extra vitality 1
a: no special abilities


You were on level 4 of the Dungeon.
You visited 1 branch of the dungeon, and saw 5 of its levels.

You collected 170 gold pieces.

Inventory:

Hand Weapons
 i - a +2 vampiric dagger (weapon)
Missiles
 b - 53 stones
 j - 3 javelins
 o - 9 poisoned darts
 t - a throwing net
Armour
 a - a +0 robe (worn)
 e - a +0 helmet (worn)
 q - a +1 pair of gloves (worn)
Jewellery
 d - a +6 ring of intelligence (left hand)
 g - a +6 ring of intelligence (right hand)
 A - a ring of willpower
Wands
 y - a wand of flame (15)
Scrolls
 c - 2 scrolls of teleportation {unknown}
 l - a scroll of magic mapping {unknown}
 n - a scroll of poison {unknown}
 r - 3 scrolls of enchant weapon
 s - 2 scrolls of enchant armour {unknown}
 u - a scroll of noise {unknown}
 v - a scroll of identify {unknown}
 w - a scroll of silence {unknown}
Potions
 f - a potion of invisibility {unknown}
 h - 2 potions of brilliance {unknown}
 k - a potion of attraction {unknown}
 m - a potion of degeneration {unknown}
 p - a potion of berserk rage {unknown}
 x - 2 potions of curing {unknown}
 z - 2 potions of heal wounds {unknown}


   Skills:
 + Level 3.8 Dodging
 + Level 3.0 Stealth
 + Level 3.9 Spellcasting


You couldn't memorise any spells.
You knew the following spells:

 Your Spells              Type           Power      Damage    Failure   Level
a - Magic Dart            Conj           100%       1d8       1%          1
b - Searing Ray           Conj           66%        2d6       1%          2
c - Dazzling Flash        Conj/Hex       66%        N/A       3%          3
d - Fulminant Prism       Conj/Hex       16%        3d10      10%         4
e - Iskenderun's Mystic   Conj/Tloc      33%        2d8       10%         4
f - Apportation           Tloc           66%        N/A       1%          1
g - Wereblood             Tmut           33%        N/A       1%          2
Your spell library was empty.

Dungeon Overview and Level Annotations

Branches:
Dungeon (5/15)
 Temple: D:4-7

Altars:
The Shining One

Shops:
D:2 *

Annotations:
D:4 2 runed translucent doors, Menkaure


Innate Abilities, Weirdness & Mutations

You are immune to sickness and miasma.
You are immune to poison.
Your flesh is very heat resistant. (rF++)
You are vulnerable to cold. (rC-)
You float through the air rather than walking.
You learn spells naturally, not from books.
Your magical power is your life essence.
You have superior vitality. (+4 MHP)


Message History

Press: ? - help, Dir - look around, f - activate The howler monkey is dazzled.
The ogre is dazzled.
The howler monkey hits you.
Casting: Dazzling Flash (dangerous; 3% risk of failure)
Confirm with . or Enter, or press ? or * to list all spells.
Aiming: Searing Ray (safe; 1% risk of failure)
Press: ? - help, Shift-Dir - straight line, f - ogre
Aim: an ogre, wielding a +0 giant club (blind, 91% to hit)
The searing ray hits the howler monkey.
You kill the howler monkey!
The searing ray hits the ogre!
The ogre is moderately wounded. (Press . to maintain the ray.)
Your Stealth skill increases to level 3!
The ogre closely misses you.
Casting: Searing Ray (safe; 1% risk of failure)
Confirm with . or Enter, or press ? or * to list all spells.
Restarting spell: Searing Ray (safe; 1% risk of failure)
Press: ? - help, Shift-Dir - straight line, f/p - ogre
Aim: an ogre, wielding a +0 giant club (moderately wounded, blind, 91% to hit)
You miscast Searing Ray.
You are very lightly contaminated with residual magic.
Nothing appears to happen.
The ogre hits you with a +0 giant club!
* * * LOW HITPOINT WARNING * * *
The ogre is no longer blind.
The ogre attacks as you move away! The ogre hits you with a +0 giant club.
* * * LOW HITPOINT WARNING * * *
Menkaure, Prince of Dust comes into view.
Your magical contamination has completely faded away.
Okay, then.
As you read the scroll labelled RUPRIY KYNA, it crumbles to dust.
It is a scroll of enchant weapon.
Your +1 vampiric dagger glows red for a moment.
Menkaure shouts!
Menkaure casts a spell.
Menkaure seems to speed up.
The ogre attacks as you move away!
The ogre hits you with a +0 giant club!!
Ouch! That really hurt!
You die...

.........†...........8#..#
...###.............####++#
.. ###...........# #..# #
##....###...# #..#
#....###...# #..#
#.....####.# #..# #.....#
#.# .... #O....# .. ####
#@###.... . #.# ##.. ..#
.. .... ..... .......
........ #.....M...


You could see an ogre and Menkaure (fast).

Vanquished Creatures
  A howler monkey (D:4)
  A jelly (D:5)
  3 adders
  2 dart slugs (D:1)
  An orc (D:3)
  5 ball pythons
  7 bats
  5 endoplasms
  2 giant cockroaches
  2 goblins (D:1)
  7 hobgoblins
  3 quokkas
  3 frilled lizards
  A kobold (D:3)
  6 rats
49 creatures vanquished.

Notes
Turn   | Place    | Note
-------+----------+-------------------------------------------
     0 | D:1      | NinjaNoafa the Djinni Conjurer began the quest for the Orb.
     0 | D:1      | NinjaNoafa set off with the following spells memorised:
                  | Magic Dart, Searing Ray, Dazzling Flash, Fulminant Prism,
                  | Iskenderun's Mystic Blast.
     0 | D:1      | Reached XP level 1. HP: 15/15 MP: 0/0
   195 | D:1      | Reached XP level 2. HP: 16/21 MP: 0/0
   374 | D:1      | Reached XP level 3. HP: 23/25 MP: 0/0
   374 | D:1      | Learned a level 1 spell: Apportation
  1083 | D:2      | Found a glowing golden altar of the Shining One.
  1100 | D:2      | Found Zailoix's Assorted Antiques.
  1594 | D:2      | Reached XP level 4. HP: 27/31 MP: 0/0
  1976 | D:3      | You are sucked into a shaft and drop 2 floors!
  1976 | D:5      | Entered Level 5 of the Dungeon
  2000 | D:5      | Reached XP level 5. HP: 32/35 MP: 0/0
  2000 | D:5      | Learned a level 2 spell: Wereblood
  2127 | D:5      | Noticed a black bear
  2154 | D:4      | Found a large runed translucent door.
  2158 | D:4      | Found a large runed translucent door.
  2198 | D:4      | Noticed an ogre
  2217 | D:4      | Noticed Menkaure
  2221 | D:4      | Annihilated by an ogre

Illustrated notes

Levels and vault maps discovered:
D:1:      dpeg_arrival_snail, layout_basic
D:2:      layout_basic, serial_shops, nicolae_diamond_shop, basic_altar
D:3:      layout_basic, grunt_ministairs_4, uniq_robin
D:4:      layout_basic, jmf_multi_god_temple2, minmay_temple_entry_arrows,
          serial_shops, shop, uniq_grinder, uniq_menkaure, uniq_blork_the_orc
D:5:      layout_cave_pods

Skill      XL: |  1  2  3  4  5 |
---------------+----------------+-----
Stealth        | 2 3 |  3.0
Dodging        | 3 |  3.8
Spellcasting   | |  3.9

Action                   |  1- 3 |  4- 6 || total
-------------------------+-------+-------++-------
Melee: Dagger            |     1 |       ||     1
 Cast: Magic Dart        |    66 |    37 ||   103
       Searing Ray       |     1 |     1 ||     2
       Apportation       |     1 |       ||     1
       Dazzling Flash    |       |     1 ||     1
       Wereblood         |       |     1 ||     1
  Use: Scroll            |       |     1 ||     1
Armor: Robe              |     5 |       ||     5
Dodge: Dodged            |     4 |     2 ||     6

Table legend: (Time is in decaauts)
 A = Elapsed time spent in this place.
 B = Non-inter-level travel time spent in this place.
 C = Inter-level travel time spent in this place.
 D = Time resting spent in this place.
 E = Time spent auto-exploring this place.
 F = Levels seen in this place.
 G = Mean time per level.
                   A        B        C        D        E       F      G
               +--------+--------+--------+--------+--------+-----+--------+
         Total |   2218 |   2086 |    132 |      0 |   1820 |   5 |  443.6 |
       Dungeon |   2218 |   2086 |    132 |      0 |   1820 |   5 |  443.6 |
               +--------+--------+--------+--------+--------+-----+--------+

Top non-repeatable levels by time:
     D:2: 941 daAuts
     D:1: 838 daAuts
     D:3: 194 daAuts
     D:5: 154 daAuts
     D:4: 89 daAuts
